 Dungeon Crawl Stone Soup version 0.17.0-28-g6e173f8 (webtiles) character file.

470 PossumBlood the Shield-Bearer (level 7, 0/54 HPs)
             Began as a Human Fighter on Nov 28, 2015.
             Slain by a hound (2 damage)
             ... on level 4 of the Dungeon.
             The game lasted 00:16:59 (4013 turns).

PossumBlood the Shield-Bearer (Human Fighter)       Turns: 4013, Time: 00:16:59

Health: 0/54       AC: 12    Str: 18    XL:     7   Next: 31%
Magic:  7/7        EV:  5    Int:  8    God:
Gold:   179        SH:  9    Dex: 13    Spells: 0 memorised, 6 levels left

rFire  . . .     SeeInvis .     a - +0 long sword
rCold  . . .     Clarity  .     g - +3 chain mail
rNeg   . . .     SustAt   .     c - +0 shield
rPois  .         Gourm    .     (no helmet)
rElec  .         Spirit   .     (no cloak)
rCorr  .         Warding  .     (no gloves)
rMut   .         Stasis   .     (no boots)
MR     .....                    (no amulet)
Stlth  ..........               (no ring)
                                (no ring)

@: drained, not resistant to hostile enchantments, extremely unstealthy
A: no striking features
a: no special abilities


You were on level 4 of the Dungeon.
You were not hungry.

You visited 1 branch of the dungeon, and saw 4 of its levels.

You collected 179 gold pieces.

Inventory:

Hand Weapons
 a - a +0 long sword (weapon)
 d - a +0 dagger
 o - a +2 mace of draining
Armour
 c - a +0 shield (worn)
 g - a +3 chain mail (worn)
Wands
 s - a wand of slowing (10)
Scrolls
 h - a scroll of amnesia
 i - a scroll of fog
 j - 3 scrolls of identify
 m - 6 scrolls of remove curse
 n - 3 scrolls of teleportation
 v - a scroll of noise {unknown}
Potions
 b - a potion of degeneration {unknown}
 f - 2 potions of lignification {unknown}
 k - a potion of flight {unknown}
 p - a potion of magic {unknown}
 r - a potion of berserk rage {unknown}
 t - a potion of agility {unknown}
 w - a potion of brilliance {unknown}
Comestibles
 e - 2 bread rations
 q - a meat ration
 u - a fruit


   Skills:
 + Level 4.1(3.2) Fighting
 + Level 3.4(2.5) Long Blades
 + Level 4.6(3.8) Armour
 + Level 2.8(2.0) Dodging
 + Level 4.6(3.7) Shields


You had 6 spell levels left.
You didn't know any spells.

Dungeon Overview and Level Annotations

Branches:
Dungeon (4/15)             Temple (0/1) D:4

Altars:
Nemelex Xobeh
The Shining One


Message History

You block the hound's attack.
The hound skeleton bites you but does no damage.
The hound bites you but does no damage.
You completely miss the hound skeleton. You block the hound's attack.
The hound skeleton bites you but does no damage.
You block the hound's attack. The hound skeleton bites you.
* * * LOW HITPOINT WARNING * * *
Your shield and chain mail prevent you from hitting the hound skeleton.
The hound bites you but does no damage.
The hound skeleton bites you but does no damage.
You block the hound's attack.
The hound skeleton bites you but does no damage.
You closely miss the hound skeleton. The hound bites you but does no damage.
You block the hound skeleton's attack. The hound barely misses you.
You slash the hound skeleton!
The hound skeleton completely misses you.
The hound bites you.
* * * LOW HITPOINT WARNING * * *
You block the hound skeleton's attack. The hound bites you.
You die...

####.....⌠.⌠......'..#.......# #
..##......_.......#........#.#
..##.....⌠.⌠#####.#....#.....#
..##........'.....#..#.#...###
..##........######..<.<#.....###
..######'####.......#..#..>.....
..##...#.......###.....#(.......
..##...#.......h.#(##.##........
####...#.......#@#.##...........
#...'.......#Z#.##..##.......
###...##......#..........######
#....###......####.#.....#
##'#### #......# .#.....#
.....#####...#### .###+###
.....#..........# ..
.....#..........# .#
.....#..........# .#


You could see a hound and a hound skeleton.

Vanquished Creatures
  A big kobold (D:4)
  Ijyb (D:3)
  2 hounds
  Terence (D:2)
  An iguana (D:4)
  2 worker ants (D:4)
  Robin (D:3)
  6 adders
  2 gnolls (D:1)
  An ooze (D:1)
  A worm (D:2)
  6 giant geckos
  2 orcs
  10 bats
  A giant cockroach (D:4)
  21 goblins
  13 hobgoblins
  8 jackals
  2 quokkas (D:3)
  7 giant newts
  35 kobolds
  8 rats
132 creatures vanquished.

Notes
Turn   | Place    | Note
--------------------------------------------------------------
     0 | D:1      | PossumBlood the Human Fighter began the quest for the Orb.
     0 | D:1      | Reached XP level 1. HP: 18/18 MP: 1/1
    26 | D:1      | Reached XP level 2. HP: 1/24 MP: 2/2
   661 | D:1      | Reached XP level 3. HP: 29/29 MP: 3/3
   986 | D:1      | Reached skill level 1 in Dodging
  1164 | D:1      | Reached XP level 4. HP: 28/35 MP: 4/4
  1439 | D:2      | Found a glowing golden altar of the Shining One.
  1680 | D:2      | Noticed Terence
  1714 | D:2      | Killed Terence
  1714 | D:2      | Reached XP level 5. HP: 30/41 MP: 5/5
  2119 | D:3      | Noticed Robin
  2140 | D:3      | Killed Robin
  2431 | D:3      | Reached XP level 6. HP: 38/47 MP: 6/6
  2477 | D:3      | Noticed Ijyb
  2517 | D:3      | Killed Ijyb
  2517 | D:3      | Reached skill level 4 in Armour
  3078 | D:4      | Found a sparkling altar of Nemelex Xobeh.
  3581 | D:4      | Reached XP level 7. HP: 45/54 MP: 7/7
  3943 | D:4      | Found a staircase to the Ecumenical Temple.
  4010 | D:4      | HP: 2/54 [hound skeleton (3)]
  4013 | D:4      | Slain by a hound

Action                   |  1- 3 |  4- 6 |  7- 9 || total
-------------------------+-------+-------+-------++-------
Melee: Long sword        |   110 |   489 |    59 ||   658
  Use: Potion            |       |     1 |     2 ||     3
       Scroll            |       |       |     5 ||     5
  Eat: Bread ration      |       |     3 |       ||     3
